 Dungeon Crawl Stone Soup version 0.31-a0-408-gb642c7f9a3 (webtiles) character file.

Game seed: 11058963848166715541

224 Lorrdernie the Conjurer (level 5, -1/28 HPs)
             Began as a Deep Elf Conjurer on July 30, 2023.
             Slain by an orc
             ... wielding a +0 dagger
              (3 damage)
             ... on level 4 of the Dungeon.
             The game lasted 00:07:26 (3257 turns).

Lorrdernie the Conjurer (Deep Elf Conjurer)         Turns: 3257, Time: 00:07:27

Health: -1/28      AC:  3    Str:  6    XL:     5   Next: 67%
Magic:  18/23      EV: 12    Int: 23    God:
Gold:   152        SH:  0    Dex: 13    Spells: 3/13 levels left

rFire   . . .        o - +0 dagger (speed)
rCold   . . .        (no shield)
rNeg    . . .        a - +0 robe
rPois   .            (no helmet)
rElec   .            (no cloak)
rCorr   .            (no gloves)
SInv    .            r - +0 pair of boots
Will    .....        (no amulet)
Stlth   ++           f - ring of magical power
HPRegen 0.24/turn    (no ring)
MPRegen 0.18/turn

%: no passive effects
@: no status effects
A: no striking features
a: no special abilities


You were on level 4 of the Dungeon.
You visited 1 branch of the dungeon, and saw 4 of its levels.

You collected 152 gold pieces.

Inventory:

Hand Weapons
 e - a +0 dagger
 o - a +0 dagger of speed (weapon)
Armour
 a - a +0 robe (worn)
 r - a +0 pair of boots (worn)
 v - a +0 helmet
Jewellery
 f - a ring of magical power (left hand)
Scrolls
 c - 3 scrolls of teleportation {unknown}
 i - 2 scrolls of identify {unknown}
 j - a scroll of enchant weapon {unknown}
 k - a scroll of fear {unknown}
 l - a scroll of brand weapon {unknown}
 p - a scroll of poison {unknown}
 q - a scroll of torment {unknown}
 s - a scroll of revelation {unknown}
 u - 2 scrolls of immolation {unknown}
 x - a scroll of noise {unknown}
Potions
 b - 2 potions of magic
 d - a potion of mutation {unknown}
 g - a potion of brilliance {unknown}
 h - a potion of resistance {unknown}
 m - a potion of attraction {unknown}
 n - 2 potions of lignification {unknown}
 t - a potion of heal wounds {unknown}
 w - a potion of curing {unknown}
 z - a potion of cancellation {unknown}


   Skills:
 - Level 2.4 Dodging
 - Level 2.4 Stealth
 + Level 4.9 Spellcasting
 * Level 6.4 Conjurations
 + Level 1.2 Hexes
 + Level 1.8 Translocations


You had 3 spell levels left.
You knew the following spells:

 Your Spells              Type           Power      Damage    Failure   Level
a - Magic Dart            Conj           100%       1d8       1%          1
b - Searing Ray           Conj           70%        2d7       1%          2
c - Dazzling Flash        Conj/Hex       46%        N/A       6%          3
d - Iskenderun's Mystic   Conj/Tloc      24%        2d7       17%         4

Your spell library contained the following spells:

 Spells                   Type           Power      Damage    Failure   Level
 Necrotise                Necr           20%        1d5       10%         1
 Frozen Ramparts          Ice            10%        1d2       28%         3
 Vampiric Draining        Necr           5%         2d6       28%         3
 Fulminant Prism          Conj/Hex       11%        3d8       21%         4
 Petrify                  Tmut/Erth      5%         N/A       67%         4
 Metabolic Englaciation   Hex/Ice        4%         N/A       90%         5
 Agony                    Necr           5%         N/A       95%         5


Dungeon Overview and Level Annotations

Branches:
Dungeon (4/15)
 Temple: D:4-7

Altars:

Shops:
D:1 :


Message History

You are confused.
Unknown command.
The orc priest begins to cast a cantrip, but forgets the words!
The orc wizard casts a spell.
The orc wizard flickers and vanishes!
Deactivating autopickup; reactivate with Ctrl-A.
Unknown command.
You bump into the rock wall.
The orc hits you with a +0 dagger.
The orc priest attacks as you move away!
The orc priest closely misses you. The orc hits you but does no damage.
Something hits you.
You bump into the rock wall.
You feel less confused.
The orc priest invokes the aid of Beogh against you.
You struggle to resist.
The orc barely misses you. Something hits you. Something hits you.
The orc hits you but does no damage.
There is a stone staircase leading down here.
The orc priest hits you with a +0 club.
There is a stone staircase leading up here.
Casting: Searing Ray (safe; 1% risk of failure)
Confirm with . or Enter, or press ? or * to list all spells.
Aiming: Searing Ray (safe; 1% risk of failure)
Press: ? - help, Shift-Dir - straight line, f/p - orc priest
Aim: an orc priest, wielding a +0 club and wearing a +0 leather armour (heavily wounded, 81% to hit)
The searing ray hits the orc priest.
The orc priest is severely wounded. (Press . to maintain the ray.)
The orc priest mumbles some strange prayers to Beogh against you.
Beogh smites you!
Ouch! That really hurt!
* * * LOW HITPOINT WARNING * * *
The orc hits you but does no damage.
Unknown command.
The searing ray hits the orc priest.
The orc priest is almost dead.
The orc priest calls down the wrath of Beogh upon you.
Pain shoots through your body!
* * * LOW HITPOINT WARNING * * *
The orc hits you with a +0 dagger.
You die...

.. ## ..
####.. .#
...... .#
......#
.#
.......##
.#
#.@##.#
##oo..#
##.)##
..)##
.....#
......).
........
.........
.......##


You could see an orc priest and an orc.

Vanquished Creatures
  An orc wizard (D:3)
  Natasha (twice) (D:3)
  Robin (D:3)
  4 adders
  3 dart slugs
  6 orcs
  6 ball pythons
  6 endoplasms
  4 giant cockroaches
  12 hobgoblins
  4 jackals (D:2)
  2 quokkas
  9 bats
  2 frilled lizards (D:1)
  13 goblins
  2 kobolds
  6 rats
83 creatures vanquished.

Notes
Turn   | Place    | Note
-------+----------+-------------------------------------------
     0 | D:1      | Lorrdernie the Deep Elf Conjurer began the quest for the
                  | Orb.
     0 | D:1      | Reached XP level 1. HP: 10/10 MP: 6/6
   167 | D:1      | Reached XP level 2. HP: 12/15 MP: 2/8
   260 | D:1      | Learned a level 2 spell: Searing Ray
   516 | D:1      | Reached skill level 5 in Conjurations
   654 | D:1      | Reached XP level 3. HP: 19/19 MP: 10/10
   670 | D:1      | Learned a level 3 spell: Dazzling Flash
  1045 | D:1      | Found Tet Gime's Book Shop.
  1373 | D:2      | Reached XP level 4. HP: 24/24 MP: 12/12
  1378 | D:2      | Learned a level 4 spell: Iskenderun's Mystic Blast
  2013 | D:3      | Noticed Natasha
  2019 | D:3      | Killed Natasha
  2060 | D:3      | Reached skill level 1 in Translocations
  2093 | D:3      | Reached skill level 6 in Conjurations
  2098 | D:3      | Reached XP level 5. HP: 28/28 MP: 11/13
  2426 | D:3      | Noticed Robin
  2436 | D:3      | Killed Robin
  2513 | D:3      | Noticed Natasha
  2516 | D:3      | Killed Natasha
  2517 | D:3      | Reached skill level 1 in Hexes
  3257 | D:4      | Slain by an orc

Illustrated notes

Levels and vault maps discovered:
D:1:      matt_arrival_spirals, layout_rooms, serial_shops,
          nicolae_shop_pleasant_corner_grove, dk_noncrumbling_3
D:2:      layout_basic
D:3:      layout_basic, minivault_19, uniq_robin, uniq_natasha
D:4:      layout_layer_cave, corexii_shack, minmay_rat_hole, uniq_menkaure,
          uniq_sigmund, uniq_ijyb

Skill      XL: |  1  2  3  4  5 |
---------------+----------------+-----
Conjurations   | 5 6 |  6.4
Spellcasting   | 4 |  4.9
Translocations | 1 |  1.8
Hexes          | 1 |  1.2
Dodging        | |  2.4
Stealth        | |  2.4

Action                     |  1- 3 |  4- 6 || total
---------------------------+-------+-------++-------
  Melee: Unarmed           |     7 |       ||     7
   Cast: Magic Dart        |    70 |    49 ||   119
         Searing Ray       |     4 |    11 ||    15
 Armour: Robe              |     3 |     6 ||     9
  Dodge: Dodged            |     4 |     8 ||    12

Table legend: (Time is in decaauts)
 A = Elapsed time spent in this place.
 B = Non-inter-level travel time spent in this place.
 C = Inter-level travel time spent in this place.
 D = Time resting spent in this place.
 E = Time spent auto-exploring this place.
 F = Levels seen in this place.
 G = Mean time per level.
                   A        B        C        D        E       F      G
               +--------+--------+--------+--------+--------+-----+--------+
         Total |   3254 |   3122 |    132 |    639 |   2134 |   4 |  813.5 |
       Dungeon |   3254 |   3122 |    132 |    639 |   2134 |   4 |  813.5 |
               +--------+--------+--------+--------+--------+-----+--------+

Top non-repeatable levels by time:
     D:3: 1230 daAuts
     D:1: 1087 daAuts
     D:2: 924 daAuts
     D:4: 12 daAuts
